Blue Jackets vs Kings
Created - 12 mars 2015 at 19:06
Goals
|
| Blue Jackets |
2 |
0 |
0 |
0 |
1 |
2 |
| Kings |
1 |
1 |
0 |
0 |
2 |
3 |
|
Shots
|
| Blue Jackets |
12 |
12 |
15 |
2 |
4 |
41 |
| Kings |
21 |
6 |
3 |
2 |
4 |
32 |
|
1st period
1. Blue Jackets , Patric Hornqvist 27 (François Beauchemin, Jan Bulis) at 1:59
2. Kings , Maxim Talbot 12 (Mikkel Boedker, Marc-Édouard Vlasic) at 3:32
3. Blue Jackets , Patric Hornqvist 28 (Marcus Nilson, Jan Bulis) at 15:51
Penalties :
Marcus Nilson (Clb) for Goalie Interference (Minor) at 11:18
2nd period
4. Kings , Mike Green 9 (James Neal, Jordan Eberle) at 14:04 (PP)
Penalties :
Dave Steckel (Clb) for Hooking (Minor) at 4:05, Pavel Bure (Clb) for Roughing (Double Minor) at 12:02, Marcus Nilson (Clb) for High sticking (Minor) at 15:52, Marc-Édouard Vlasic (LAK) for Hooking (Minor) at 19:02
3rd period
No Goal
Penalties :
François Beauchemin (Clb) for Hooking (Minor) at 13:46
Overtime #1
No Goal
Penalties :
No Penalty
Shootout
Penalty Shot by Marc Savard for Blue Jackets - Stopped by Antti Niemi
Penalty Shot by Anze Kopitar for Kings - Stopped by Rick DiPietro
Penalty Shot by David Booth for Blue Jackets - Stopped by Antti Niemi
Penalty Shot by Mike Green for Kings - Stopped by Rick DiPietro
Penalty Shot by Pavel Bure for Blue Jackets - Goal!
Penalty Shot by Mikkel Boedker for Kings - Goal!
Penalty Shot by Jan Bulis for Blue Jackets - Stopped by Antti Niemi
Penalty Shot by James Neal for Kings - Goal!
Penalties :
No Penalty
Goalie Stats
Rick DiPietro (Clb), 30 saves from 32 shots - (0,938), OTL, 30-18-8, 65:00 minutes
Antti Niemi (LAK), 39 saves from 41 shots - (0,951), W, 28-18-9, 65:00 minutes
Players Stats for Blue Jackets
Player Name G A P +/- PIM S H SB GA TA FO MP PP MP PK MP
------------------------------------------------------------------------------------
Adam Deadmarsh 0 0 0 -1 0 5 0 0 2 0 1/1 13:03 0:00 0:00
Brad Stuart 0 0 0 1 0 1 0 0 0 1 0/0 23:06 0:11 3:48
Branislav Mezei 0 0 0 -1 0 3 0 0 0 3 0/0 29:28 1:48 6:25
Chris Kelly 0 0 0 -1 0 1 1 0 0 0 1/12 15:09 0:00 0:13
Dave Steckel 0 0 0 0 2 0 1 0 0 0 3/3 7:38 0:00 0:00
David Booth 0 0 0 0 0 4 0 0 1 0 1/2 24:30 1:36 5:41
François Beauchemin 0 1 1 1 2 3 1 2 0 1 0/0 22:20 0:11 2:47
Jan Bulis 0 2 2 2 0 1 2 1 0 1 1/8 17:26 0:23 2:51
Jason Ward 0 0 0 0 0 0 0 0 1 1 0/0 7:09 0:00 0:00
Jay Harrison 0 0 0 1 0 2 1 2 0 2 0/0 12:47 0:00 0:46
Jeff Taffe 0 0 0 0 0 0 1 0 1 0 0/0 9:58 0:00 1:45
Kevin Bieksa 0 0 0 -1 0 1 3 2 0 0 0/0 29:13 1:48 6:10
Marc Savard 0 0 0 0 0 4 3 0 2 1 18/34 24:17 1:36 5:54
Marcus Nilson 0 1 1 2 4 1 2 0 0 0 1/2 13:57 0:23 0:41
Mike Commodore 0 0 0 1 0 1 1 1 0 0 0/0 12:01 0:00 0:00
Patric Hornqvist 2 0 2 2 0 4 1 0 0 0 0/0 12:15 0:23 0:00
Pavel Bure 0 0 0 0 4 5 1 0 0 0 0/1 20:20 1:36 2:19
Ramzi Abid 0 0 0 -1 0 5 2 0 1 0 0/0 15:20 0:00 0:32
Players Stats for Kings
Player Name G A P +/- PIM S H SB GA TA FO MP PP MP PK MP
------------------------------------------------------------------------------------
Andy Rogers 0 0 0 -1 0 3 0 0 0 1 0/0 21:18 3:14 1:04
Anze Kopitar 0 0 0 -1 0 5 2 0 0 1 18/27 22:40 6:11 0:00
Branko Radivojevic 0 0 0 0 0 0 0 0 1 0 0/1 8:40 0:00 0:00
Chris Pronger 0 0 0 -1 0 0 0 0 0 0 0/0 14:26 0:00 0:55
James Neal 0 1 1 -1 0 4 0 0 1 0 0/2 19:19 3:40 0:00
Joe Sakic 0 0 0 0 0 2 1 1 0 1 9/12 16:53 0:19 1:25
Jonas Hoglund 0 0 0 -1 0 0 0 0 0 1 1/1 18:34 3:40 1:25
Jordan Eberle 0 1 1 0 0 1 0 0 1 1 2/4 19:07 6:06 0:00
Marc-Édouard Vlasic 0 1 1 1 2 1 0 1 1 0 0/0 21:51 3:14 0:00
Maxim Talbot 1 0 1 0 0 6 1 0 0 0 3/9 16:34 3:40 0:34
Michel Ouellet 0 0 0 0 0 2 0 0 0 0 1/1 13:58 0:14 0:00
Mike Green 1 0 1 -1 0 3 2 2 1 2 0/0 28:31 6:44 0:55
Mikkel Boedker 0 1 1 0 0 3 2 0 3 0 2/2 20:15 6:04 0:00
Nathan Dempsey 0 0 0 1 0 1 1 0 2 1 0/0 18:54 0:00 1:04
Pernell Karl Subban 0 0 0 -1 0 0 2 2 0 0 0/0 25:05 6:44 0:00
Randy Robitaille 0 0 0 0 0 0 0 0 0 0 1/4 9:43 0:00 0:34
Sean Avery 0 0 0 0 0 1 0 1 0 0 0/0 8:37 0:00 0:00
Steve Ott 0 0 0 0 0 0 2 0 0 0 0/0 13:35 0:00 0:00
3 Stars
1 - Patric Hornqvist (Clb)
2 - Jan Bulis (Clb)
3 - Antti Niemi (LAK)
Power Play
Blue Jackets - 0 on 1 Attempt(s) - 0,00%
Kings - 1 on 6 Attempt(s) - 16,67%
Penalty Kill
Blue Jackets - 5 on 6 Attempt(s) - 83,33%
- Score 0 goal in Penalty Kill
Kings - 1 on 1 Attempt(s) - 100,00%
- Score 0 goal in Penalty Kill
Team Stat
Blue Jackets - Hits : 20 - Faceoff Wins : 26 - Blocked Shots : 8 - Penalty Minutes : 12
Kings - Hits : 13 - Faceoff Wins : 37 - Blocked Shots : 7 - Penalty Minutes : 2
Official
Referees : Devorski Paul and Banfield David
Linesman : Jay Sharrers and Thor Nelson
Game Notes
No Game Note
Finance
Level 1 -- Attendance: 5525 (92,08%) -- Ticket Income 359 125 $
Level 2 -- Attendance: 5000 (100,00%) -- Ticket Income 200 000 $
Level 3 -- Attendance: 2000 (100,00%) -- Ticket Income 40 000 $
Level 4 -- Attendance: 4000 (100,00%) -- Ticket Income 60 000 $
Luxury Box -- Attendance: 956 (95,60%) -- Ticket Income 119 500 $
Game was played at the Staples Center'
Total Attendance: 17481 (97,12%)
Total Ticket Income: 778 625 $
Other Income: 116 794 $
Total Income: 895 419 $
Blue Jackets
5 vs 5 Forward
Center Left Wing Right Wing Time % Phy DF OF
1 Marc Savard David Booth Pavel Bure 40 1 2 2
2 Jan Bulis Marcus Nilson Patric Hornqvist 30 1 2 2
3 Chris Kelly Ramzi Abid Adam Deadmarsh 20 1 2 2
4 Dave Steckel Jeff Taffe Jason Ward 10 1 2 2
5 vs 5 Defense
Defense Defense Time % Phy DF OF
1 Branislav Mezei Kevin Bieksa 40 1 2 2
2 François Beauchemin Brad Stuart 30 1 2 2
3 Mike Commodore Jay Harrison 20 1 2 2
4 Branislav Mezei Kevin Bieksa 10 1 2 2
PowerPlay Forward
Center Left Wing Right Wing Time % Phy DF OF
1 Marc Savard David Booth Pavel Bure 60 1 2 2
2 Jan Bulis Marcus Nilson Patric Hornqvist 40 1 2 2
PowerPlay Defense
Defense Defense Time % Phy DF OF
1 Branislav Mezei Kevin Bieksa 60 1 2 2
2 François Beauchemin Brad Stuart 40 1 2 2
Penalty Kill 4 Players Forward
Center Wing Time % Phy DF OF
1 Marc Savard David Booth 60 1 2 2
2 Pavel Bure Jan Bulis 40 1 2 2
Penalty Kill 4 Players Defense
Defense Defense Time % Phy DF OF
1 Branislav Mezei Kevin Bieksa 60 1 2 2
2 François Beauchemin Brad Stuart 40 1 2 2
Penalty Kill - 3 Players Forward
Forward Time % Phy DF OF
1 Marc Savard 60 1 2 2
2 David Booth 40 1 2 2
Penalty Kill - 3 Players Defense
Defense Defense Time % Phy DF OF
1 Branislav Mezei Kevin Bieksa 60 1 2 2
2 François Beauchemin Brad Stuart 40 1 2 2
4 vs 4 Forward
Center Wing Time % Phy DF OF
1 Marc Savard David Booth 60 1 2 2
2 Pavel Bure Jan Bulis 40 1 2 2
4 vs 4 Defense
Defense Defense Time % Phy DF OF
1 Branislav Mezei Kevin Bieksa 60 1 2 2
2 François Beauchemin Brad Stuart 40 1 2 2
Last Minutes Offensive
Center Left Wing Right Wing Defense Defense
Marc Savard David Booth Pavel Bure Branislav Mezei Kevin Bieksa
Last Minutes Defensive
Center Left Wing Right Wing Defense Defense
Marc Savard David Booth Pavel Bure Branislav Mezei Kevin Bieksa
Goaltenders
Starting : Rick DiPietro
Backup : Mathieu Garon
Extra Forwards
Normal : Chris Kelly, Ramzi Abid, Jeff Taffe - PP : Chris Kelly, Ramzi Abid - PK : Jeff Taffe
Extra Defensemen
Normal : Mike Commodore, Jay Harrison, François Beauchemin - PP : Mike Commodore - PK : Jay Harrison, François Beauchemin
Penalty Shots
Marc Savard, David Booth, Pavel Bure, Jan Bulis, Chris Kelly
Kings
5 vs 5 Forward
Center Left Wing Right Wing Time % Phy DF OF
1 Anze Kopitar James Neal Jonas Hoglund 35 1 1 3
2 Joe Sakic Steve Ott Michel Ouellet 30 1 2 2
3 Maxim Talbot Mikkel Boedker Jordan Eberle 30 0 3 2
4 Randy Robitaille Sean Avery Branko Radivojevic 5 1 4 0
5 vs 5 Defense
Defense Defense Time % Phy DF OF
1 Pernell Karl Subban Mike Green 40 0 2 3
2 Nathan Dempsey Marc-Édouard Vlasic 35 1 2 2
3 Chris Pronger Andy Rogers 20 0 3 2
4 Andy Rogers Pernell Karl Subban 5 0 3 2
PowerPlay Forward
Center Left Wing Right Wing Time % Phy DF OF
1 Anze Kopitar Mikkel Boedker Jordan Eberle 60 0 1 4
2 Maxim Talbot James Neal Jonas Hoglund 40 0 1 4
PowerPlay Defense
Defense Defense Time % Phy DF OF
1 Pernell Karl Subban Mike Green 60 0 2 3
2 Andy Rogers Marc-Édouard Vlasic 40 0 2 3
Penalty Kill 4 Players Forward
Center Wing Time % Phy DF OF
1 Joe Sakic Jonas Hoglund 60 0 4 1
2 Randy Robitaille Maxim Talbot 40 0 4 1
Penalty Kill 4 Players Defense
Defense Defense Time % Phy DF OF
1 Andy Rogers Nathan Dempsey 60 1 4 0
2 Chris Pronger Mike Green 40 1 4 0
Penalty Kill - 3 Players Forward
Forward Time % Phy DF OF
1 Joe Sakic 60 0 4 1
2 Anze Kopitar 40 0 4 1
Penalty Kill - 3 Players Defense
Defense Defense Time % Phy DF OF
1 Mike Green Andy Rogers 60 1 4 0
2 Nathan Dempsey Chris Pronger 40 1 4 0
4 vs 4 Forward
Center Wing Time % Phy DF OF
1 Anze Kopitar Mikkel Boedker 60 1 2 2
2 Joe Sakic James Neal 40 1 2 2
4 vs 4 Defense
Defense Defense Time % Phy DF OF
1 Andy Rogers Mike Green 60 1 2 2
2 Nathan Dempsey Marc-Édouard Vlasic 40 1 2 2
Last Minutes Offensive
Center Left Wing Right Wing Defense Defense
Anze Kopitar Mikkel Boedker Jonas Hoglund Marc-Édouard Vlasic Mike Green
Last Minutes Defensive
Center Left Wing Right Wing Defense Defense
Anze Kopitar Steve Ott Jonas Hoglund Andy Rogers Mike Green
Goaltenders
Starting : Antti Niemi
Backup : Jonathan Bernier
Extra Forwards
Normal : Anze Kopitar, Mikkel Boedker, Jordan Eberle - PP : Joe Sakic, Michel Ouellet - PK : Anze Kopitar
Extra Defensemen
Normal : Mike Green, Marc-Édouard Vlasic, Pernell Karl Subban - PP : Nathan Dempsey - PK : Marc-Édouard Vlasic, Pernell Karl Subban
Penalty Shots
Anze Kopitar, Mike Green, Mikkel Boedker, James Neal, Branko Radivojevic
% Time on Ice - Blue Jackets
Lines # - Real PCT - Wanted PCT - Time Play
Normal Forward
1 - 31% - 40% - 14:58
2 - 27% - 30% - 12:53
3 - 27% - 20% - 13:03
4 - 15% - 10% - 7:09
Normal Defense
1 - 36% - 40% - 17:27
2 - 36% - 30% - 17:28
3 - 25% - 20% - 12:01
4 - 2% - 10% - 1:07
PP Forward
1 - 81% - 60% - 1:36
2 - 19% - 40% - 0:23
PP Defense
1 - 91% - 60% - 1:48
2 - 9% - 40% - 0:11
PK Forward
1 - 71% - 60% - 7:07
2 - 29% - 40% - 2:51
PK Defense
1 - 62% - 60% - 6:10
2 - 38% - 40% - 3:48
PK3 Forward
1 - 0% - 60%
2 - 0% - 40%
PK3 Defense
1 - 0% - 60%
2 - 0% - 40%
44 Forward
1 - 75% - 60% - 3:44
2 - 25% - 40% - 1:16
44 Defense
1 - 54% - 60% - 2:41
2 - 46% - 40% - 2:19
Last Minute Offensive - 0:00
Last Minute Defensive - 0:00
Total
Forward - 65:00
Defense - 65:00
|
% Time on Ice - Kings
Lines # - Real PCT - Wanted PCT - Time Play
Normal Forward
1 - 28% - 35% - 13:31
2 - 31% - 30% - 14:56
3 - 24% - 30% - 11:20
4 - 17% - 5% - 8:16
Normal Defense
1 - 35% - 40% - 16:41
2 - 36% - 35% - 17:15
3 - 24% - 20% - 11:36
4 - 5% - 5% - 2:31
PP Forward
1 - 63% - 60% - 6:18
2 - 37% - 40% - 3:40
PP Defense
1 - 68% - 60% - 6:44
2 - 32% - 40% - 3:14
PK Forward
1 - 71% - 60% - 1:25
2 - 29% - 40% - 0:34
PK Defense
1 - 54% - 60% - 1:04
2 - 46% - 40% - 0:55
PK3 Forward
1 - 0% - 60%
2 - 0% - 40%
PK3 Defense
1 - 0% - 60%
2 - 0% - 40%
44 Forward
1 - 79% - 60% - 3:56
2 - 21% - 40% - 1:04
44 Defense
1 - 57% - 60% - 2:52
2 - 43% - 40% - 2:08
Last Minute Offensive - 0:00
Last Minute Defensive - 0:00
Total
Forward - 65:00
Defense - 65:00
|
Play by Play
1st period
0:01 of 1st period - Anze Kopitar wins face-off versus Marc Savard in neutral zone.
0:04 of 1st period - Slapshot by Mike Green.
0:04 of 1st period - Stopped by Rick DiPietro without a rebound.
0:05 of 1st period - Anze Kopitar wins face-off versus Marc Savard in Blue Jackets zone.
0:06 of 1st period - Snap shot by James Neal.
0:06 of 1st period - Stopped by Rick DiPietro without a rebound.
0:07 of 1st period - Anze Kopitar wins face-off versus Marc Savard in Blue Jackets zone.
0:31 of 1st period - Off-side.
0:32 of 1st period - Joe Sakic wins face-off versus Jan Bulis in neutral zone.
0:46 of 1st period - Off-side.
0:47 of 1st period - Maxim Talbot wins face-off versus Chris Kelly in neutral zone.
0:54 of 1st period - Wrist shot by Maxim Talbot.
0:54 of 1st period - Stopped by Rick DiPietro without a rebound.
0:55 of 1st period - Mikkel Boedker wins face-off versus Chris Kelly in Blue Jackets zone.
1:08 of 1st period - Wrist shot by Maxim Talbot.
1:08 of 1st period - Stopped by Rick DiPietro without a rebound.
1:09 of 1st period - Dave Steckel wins face-off versus Randy Robitaille in Blue Jackets zone.
1:34 of 1st period - Branislav Mezei is hit by Nathan Dempsey and loses puck.
1:43 of 1st period - Slapshot by Pavel Bure.
1:43 of 1st period - Shot Misses the Net.
1:45 of 1st period - Backhand shot by François Beauchemin.
1:45 of 1st period - Shot Blocked by Marc-Édouard Vlasic.
1:47 of 1st period - Snap shot by David Booth.
1:47 of 1st period - Stopped by Antti Niemi without a rebound.
1:48 of 1st period - Marcus Nilson wins face-off versus Anze Kopitar in Kings zone.
1:49 of 1st period - Snap shot by Patric Hornqvist.
1:49 of 1st period - Stopped by Antti Niemi with a rebound.
1:51 of 1st period - Slapshot by François Beauchemin.
1:51 of 1st period - Stopped by Antti Niemi with a rebound.
1:53 of 1st period - Slapshot by François Beauchemin.
1:53 of 1st period - Stopped by Antti Niemi with a rebound.
1:55 of 1st period - Snap shot by Jan Bulis.
1:55 of 1st period - Stopped by Antti Niemi with a rebound.
1:57 of 1st period - Slapshot by François Beauchemin.
1:57 of 1st period - Shot Misses the Net.
1:59 of 1st period - Snap shot by Patric Hornqvist.
1:59 of 1st period - Goal by Patric Hornqvist - Blue Jackets : 1 - Kings : 0.
2:00 of 1st period - Joe Sakic wins face-off versus Marc Savard in neutral zone.
2:09 of 1st period - Wrist shot by Michel Ouellet.
2:09 of 1st period - Stopped by Rick DiPietro with a rebound.
2:46 of 1st period - Snap shot by Mikkel Boedker.
2:46 of 1st period - Shot Blocked by Jay Harrison.
2:48 of 1st period - Wrist shot by Nathan Dempsey.
2:48 of 1st period - Stopped by Rick DiPietro without a rebound.
2:49 of 1st period - Adam Deadmarsh wins face-off versus Maxim Talbot in Blue Jackets zone.
2:58 of 1st period - Chris Kelly is hit by Mikkel Boedker and loses puck.
3:32 of 1st period - Snap shot by Maxim Talbot.
3:32 of 1st period - Goal by Maxim Talbot - Blue Jackets : 1 - Kings : 1.
3:33 of 1st period - Joe Sakic wins face-off versus Pavel Bure in neutral zone.
4:05 of 1st period - Snap shot by James Neal.
4:05 of 1st period - Shot Misses the Net.
4:07 of 1st period - Wrist shot by Anze Kopitar.
4:07 of 1st period - Shot Misses the Net.
4:19 of 1st period - Snap shot by Patric Hornqvist.
4:19 of 1st period - Shot Misses the Net.
5:02 of 1st period - Slapshot by Anze Kopitar.
5:02 of 1st period - Shot Misses the Net.
5:04 of 1st period - Slapshot by James Neal.
5:04 of 1st period - Stopped by Rick DiPietro with a rebound.
5:17 of 1st period - Icing by Mike Commodore.
5:18 of 1st period - Maxim Talbot wins face-off versus Marc Savard in Blue Jackets zone.
5:30 of 1st period - Snap shot by Maxim Talbot.
5:30 of 1st period - Stopped by Rick DiPietro with a rebound.
5:32 of 1st period - Slapshot by Mike Green.
5:32 of 1st period - Deflect By Mikkel Boedker.
5:32 of 1st period - Shot Misses the Net.
5:32 of 1st period - Puck is out of play.
5:33 of 1st period - Anze Kopitar wins face-off versus Marc Savard in Blue Jackets zone.
5:58 of 1st period - Jan Bulis is hit by Mike Green and loses puck.
6:24 of 1st period - Wrist shot by Jeff Taffe.
6:24 of 1st period - Shot Blocked by Mike Green.
7:30 of 1st period - Marcus Nilson is hit by Joe Sakic and loses puck.
8:10 of 1st period - Icing by Nathan Dempsey.
8:11 of 1st period - Dave Steckel wins face-off versus Maxim Talbot in Kings zone.
8:16 of 1st period - Snap shot by Adam Deadmarsh.
8:16 of 1st period - Stopped by Antti Niemi without a rebound.
8:17 of 1st period - Anze Kopitar wins face-off versus Chris Kelly in Kings zone.
8:19 of 1st period - Icing by Mike Green.
8:20 of 1st period - Anze Kopitar wins face-off versus Chris Kelly in Kings zone.
8:29 of 1st period - Snap shot by James Neal.
8:29 of 1st period - Shot Misses the Net.
8:31 of 1st period - Slapshot by Anze Kopitar.
8:31 of 1st period - Stopped by Rick DiPietro with a rebound.
10:07 of 1st period - Wrist shot by Anze Kopitar.
10:07 of 1st period - Shot Blocked by Jay Harrison.
10:09 of 1st period - Wrist shot by Michel Ouellet.
10:09 of 1st period - Stopped by Rick DiPietro without a rebound.
10:10 of 1st period - Marc Savard wins face-off versus Joe Sakic in Blue Jackets zone.
10:21 of 1st period - Backhand shot by Marc Savard.
10:21 of 1st period - Stopped by Antti Niemi without a rebound.
10:22 of 1st period - Anze Kopitar wins face-off versus David Booth in Kings zone.
10:29 of 1st period - Wrist shot by Anze Kopitar.
10:29 of 1st period - Stopped by Rick DiPietro with a rebound.
10:31 of 1st period - Snap shot by Anze Kopitar.
10:31 of 1st period - Stopped by Rick DiPietro without a rebound.
10:32 of 1st period - Marc Savard wins face-off versus Anze Kopitar in Blue Jackets zone.
10:43 of 1st period - Marc-Édouard Vlasic is hit by Kevin Bieksa and loses puck.
10:51 of 1st period - Nathan Dempsey is hit by Marc Savard.
11:13 of 1st period - Snap shot by James Neal.
11:13 of 1st period - Stopped by Rick DiPietro without a rebound.
11:14 of 1st period - Joe Sakic wins face-off versus Marcus Nilson in Blue Jackets zone.
11:18 of 1st period - Minor Penalty to Marcus Nilson for Goalie Interference.
11:19 of 1st period - Marc Savard wins face-off versus Anze Kopitar in Blue Jackets zone.
11:35 of 1st period - Snap shot by Anze Kopitar.
11:35 of 1st period - Stopped by Rick DiPietro without a rebound.
11:36 of 1st period - Anze Kopitar wins face-off versus Marc Savard in Blue Jackets zone.
11:45 of 1st period - Slapshot by Mike Green.
11:45 of 1st period - Shot Blocked by Kevin Bieksa.
13:18 of 1st period - Penalty to Marcus Nilson is over, Marcus Nilson is back on ice.
13:22 of 1st period - Kevin Bieksa is hit by Steve Ott and loses puck.
13:51 of 1st period - Snap shot by Marc-Édouard Vlasic.
13:51 of 1st period - Shot Blocked by Kevin Bieksa.
14:23 of 1st period - Nathan Dempsey is hit by Kevin Bieksa and loses puck.
15:09 of 1st period - Icing by Ramzi Abid.
15:10 of 1st period - Joe Sakic wins face-off versus Chris Kelly in Blue Jackets zone.
15:17 of 1st period - Snap shot by Michel Ouellet.
15:17 of 1st period - Shot Misses the Net.
15:33 of 1st period - Snap shot by Maxim Talbot.
15:33 of 1st period - Stopped by Rick DiPietro with a rebound.
15:35 of 1st period - Wrist shot by Mikkel Boedker.
15:35 of 1st period - Stopped by Rick DiPietro with a rebound.
15:37 of 1st period - Wrist shot by Mikkel Boedker.
15:37 of 1st period - Deflect By Jordan Eberle.
15:37 of 1st period - Stopped by Rick DiPietro with a rebound.
15:39 of 1st period - Snap shot by Andy Rogers.
15:39 of 1st period - Stopped by Rick DiPietro without a rebound.
15:40 of 1st period - Jan Bulis wins face-off versus Maxim Talbot in Blue Jackets zone.
15:51 of 1st period - Wrist shot by Patric Hornqvist.
15:51 of 1st period - Goal by Patric Hornqvist - Blue Jackets : 2 - Kings : 1.
15:52 of 1st period - Anze Kopitar wins face-off versus Marc Savard in neutral zone.
18:36 of 1st period - Snap shot by Ramzi Abid.
18:36 of 1st period - Stopped by Antti Niemi with a rebound.
18:38 of 1st period - Slapshot by Mike Commodore.
18:38 of 1st period - Stopped by Antti Niemi with a rebound.
18:40 of 1st period - Slapshot by Jay Harrison.
18:40 of 1st period - Stopped by Antti Niemi without a rebound.
18:41 of 1st period - Anze Kopitar wins face-off versus Marc Savard in Kings zone.
19:07 of 1st period - Mikkel Boedker is hit by Jan Bulis and loses puck.
19:38 of 1st period - Slapshot by Marc-Édouard Vlasic.
19:38 of 1st period - Deflect By Sean Avery.
19:38 of 1st period - Stopped by Rick DiPietro with a rebound.
19:40 of 1st period - Snap shot by Marc-Édouard Vlasic.
19:40 of 1st period - Stopped by Rick DiPietro with a rebound.
19:54 of 1st period - Slapshot by Jeff Taffe.
19:54 of 1st period - Shot Misses the Net.
Goals for this period are 2 for Blue Jackets vs 1 for Kings.
Shots for this period are 12 for Blue Jackets vs 21 for Kings.
2nd period
0:01 of 2nd period - Marc Savard wins face-off versus Anze Kopitar in neutral zone.
0:08 of 2nd period - Snap shot by Marc Savard.
0:08 of 2nd period - Shot Misses the Net.
0:13 of 2nd period - Off-side.
0:14 of 2nd period - Maxim Talbot wins face-off versus Jan Bulis in neutral zone.
0:23 of 2nd period - Jan Bulis is hit by Mikkel Boedker and loses puck.
1:44 of 2nd period - Wrist shot by Maxim Talbot.
1:44 of 2nd period - Shot Hit the Post.
1:46 of 2nd period - Snap shot by Andy Rogers.
1:46 of 2nd period - Stopped by Rick DiPietro without a rebound.
1:47 of 2nd period - Marc Savard wins face-off versus Maxim Talbot in Blue Jackets zone.
1:56 of 2nd period - Wrist shot by David Booth.
1:56 of 2nd period - Shot Misses the Net.
1:58 of 2nd period - Slapshot by Pavel Bure.
1:58 of 2nd period - Deflect By Mikkel Boedker.
1:58 of 2nd period - Shot Misses the Net.
1:58 of 2nd period - Puck is out of play.
1:59 of 2nd period - Marc Savard wins face-off versus Anze Kopitar in Kings zone.
2:25 of 2nd period - Nathan Dempsey is hit by Marcus Nilson and loses puck.
2:46 of 2nd period - Wrist shot by Joe Sakic.
2:46 of 2nd period - Stopped by Rick DiPietro with a rebound.
2:56 of 2nd period - Wrist shot by Adam Deadmarsh.
2:56 of 2nd period - Stopped by Antti Niemi without a rebound.
2:57 of 2nd period - Marc Savard wins face-off versus James Neal in Kings zone.
3:04 of 2nd period - Snap shot by Marc Savard.
3:04 of 2nd period - Shot Misses the Net.
3:24 of 2nd period - Pernell Karl Subban is hit by Patric Hornqvist and loses puck.
4:05 of 2nd period - Minor Penalty to Dave Steckel for Hooking.
4:06 of 2nd period - Marc Savard wins face-off versus Jordan Eberle in Blue Jackets zone.
4:42 of 2nd period - Wrist shot by Maxim Talbot.
4:42 of 2nd period - Shot Blocked by Jan Bulis.
6:05 of 2nd period - Penalty to Dave Steckel is over, Dave Steckel is back on ice.
6:22 of 2nd period - Slapshot by Nathan Dempsey.
6:22 of 2nd period - Shot Blocked by Mike Commodore.
6:46 of 2nd period - Michel Ouellet is hit by Marcus Nilson and loses puck.
7:38 of 2nd period - Randy Robitaille is hit by Ramzi Abid and loses puck.
8:04 of 2nd period - Wrist shot by Marcus Nilson.
8:04 of 2nd period - Stopped by Antti Niemi without a rebound.
8:05 of 2nd period - Jonas Hoglund wins face-off versus Jan Bulis in Kings zone.
8:32 of 2nd period - Marc Savard is hit by Maxim Talbot and loses puck.
8:55 of 2nd period - Snap shot by Ramzi Abid.
8:55 of 2nd period - Stopped by Antti Niemi with a rebound.
8:57 of 2nd period - Snap shot by Adam Deadmarsh.
8:57 of 2nd period - Stopped by Antti Niemi with a rebound.
8:59 of 2nd period - Snap shot by Brad Stuart.
8:59 of 2nd period - Deflect By Adam Deadmarsh.
8:59 of 2nd period - Shot Misses the Net.
8:59 of 2nd period - Puck is out of play.
9:00 of 2nd period - Anze Kopitar wins face-off versus Jan Bulis in Kings zone.
11:45 of 2nd period - Icing by Marc-Édouard Vlasic.
11:46 of 2nd period - Marc Savard wins face-off versus Randy Robitaille in Kings zone.
11:47 of 2nd period - Wrist shot by David Booth.
11:47 of 2nd period - Stopped by Antti Niemi without a rebound.
11:48 of 2nd period - Marc Savard wins face-off versus Branko Radivojevic in Kings zone.
11:49 of 2nd period - Snap shot by David Booth.
11:49 of 2nd period - Shot Misses the Net.
11:51 of 2nd period - Wrist shot by Branislav Mezei.
11:51 of 2nd period - Deflect By Branko Radivojevic.
11:51 of 2nd period - Stopped by Antti Niemi with a rebound.
11:53 of 2nd period - Slapshot by Branislav Mezei.
11:53 of 2nd period - Stopped by Antti Niemi without a rebound.
11:54 of 2nd period - Anze Kopitar wins face-off versus Marc Savard in Kings zone.
11:54 of 2nd period - Mike Green is hit by Marc Savard and loses puck.
12:02 of 2nd period - Double Minor Penalty to Pavel Bure for Roughing.
12:03 of 2nd period - Anze Kopitar wins face-off versus Marc Savard in Blue Jackets zone.
12:07 of 2nd period - Snap shot by Mikkel Boedker.
12:07 of 2nd period - Stopped by Rick DiPietro with a rebound.
12:09 of 2nd period - Wrist shot by Mike Green.
12:09 of 2nd period - Shot Misses the Net.
12:11 of 2nd period - Slapshot by Jordan Eberle.
12:11 of 2nd period - Deflect By Mikkel Boedker.
12:11 of 2nd period - Shot Misses the Net.
12:11 of 2nd period - Puck is out of play.
12:12 of 2nd period - Anze Kopitar wins face-off versus Marc Savard in Blue Jackets zone.
12:23 of 2nd period - Wrist shot by Anze Kopitar.
12:23 of 2nd period - Shot Misses the Net.
13:07 of 2nd period - Snap shot by Anze Kopitar.
13:07 of 2nd period - Shot Hit the Post.
13:09 of 2nd period - Slapshot by Pernell Karl Subban.
13:09 of 2nd period - Shot Misses the Net.
13:11 of 2nd period - Slapshot by Mike Green.
13:11 of 2nd period - Stopped by Rick DiPietro with a rebound.
14:02 of 2nd period - Wrist shot by James Neal.
14:02 of 2nd period - Shot Misses the Net.
14:04 of 2nd period - Backhand shot by Mike Green.
14:04 of 2nd period - Goal by Mike Green - Blue Jackets : 2 - Kings : 2.
14:05 of 2nd period - Michel Ouellet wins face-off versus Jan Bulis in neutral zone.
14:40 of 2nd period - Icing by Brad Stuart.
14:41 of 2nd period - Chris Kelly wins face-off versus Randy Robitaille in Blue Jackets zone.
14:48 of 2nd period - Slapshot by François Beauchemin.
14:48 of 2nd period - Shot Blocked by Sean Avery.
15:20 of 2nd period - Backhand shot by Ramzi Abid.
15:20 of 2nd period - Stopped by Antti Niemi with a rebound.
15:23 of 2nd period - Icing by Andy Rogers.
15:24 of 2nd period - Marc Savard wins face-off versus Joe Sakic in Kings zone.
15:52 of 2nd period - Minor Penalty to Marcus Nilson for High sticking.
15:53 of 2nd period - Marc Savard wins face-off versus Anze Kopitar in Blue Jackets zone.
16:03 of 2nd period - Snap shot by Anze Kopitar.
16:03 of 2nd period - Stopped by Rick DiPietro without a rebound.
16:04 of 2nd period - Marc Savard wins face-off versus Anze Kopitar in Blue Jackets zone.
16:17 of 2nd period - Kevin Bieksa is hit by Anze Kopitar and loses puck.
16:46 of 2nd period - Wrist shot by Jan Bulis.
16:46 of 2nd period - Shot Blocked by Pernell Karl Subban.
16:48 of 2nd period - Slapshot by Branislav Mezei.
16:48 of 2nd period - Shot Blocked by Mike Green.
16:50 of 2nd period - Slapshot by Branislav Mezei.
16:50 of 2nd period - Stopped by Antti Niemi with a rebound.
17:52 of 2nd period - Penalty to Marcus Nilson is over, Marcus Nilson is back on ice.
18:26 of 2nd period - Wrist shot by Jay Harrison.
18:26 of 2nd period - Deflect By Mike Green.
18:26 of 2nd period - Stopped by Antti Niemi without a rebound.
18:27 of 2nd period - Randy Robitaille wins face-off versus Chris Kelly in Kings zone.
18:37 of 2nd period - Wrist shot by Sean Avery.
18:37 of 2nd period - Shot Blocked by François Beauchemin.
18:43 of 2nd period - Slapshot by François Beauchemin.
18:43 of 2nd period - Stopped by Antti Niemi without a rebound.
18:44 of 2nd period - Dave Steckel wins face-off versus James Neal in Kings zone.
18:51 of 2nd period - Slapshot by Jason Ward.
18:51 of 2nd period - Shot Misses the Net.
19:02 of 2nd period - Minor Penalty to Marc-Édouard Vlasic for Hooking.
19:03 of 2nd period - Marc Savard wins face-off versus Joe Sakic in Kings zone.
19:09 of 2nd period - Snap shot by Pavel Bure.
19:09 of 2nd period - Deflect By Marc Savard.
19:09 of 2nd period - Stopped by Antti Niemi with a rebound.
19:44 of 2nd period - Jonas Hoglund is hit by Kevin Bieksa and loses puck.
Goals for this period are 0 for Blue Jackets vs 1 for Kings.
Shots for this period are 12 for Blue Jackets vs 6 for Kings.
3rd period
0:01 of 3rd period - Joe Sakic wins face-off versus Marc Savard in neutral zone.
0:48 of 3rd period - Wrist shot by David Booth.
0:48 of 3rd period - Shot Misses the Net.
0:50 of 3rd period - Snap shot by Pavel Bure.
0:50 of 3rd period - Stopped by Antti Niemi with a rebound.
1:02 of 3rd period - Penalty to Marc-Édouard Vlasic is over, Marc-Édouard Vlasic is back on ice.
1:08 of 3rd period - Slapshot by David Booth.
1:08 of 3rd period - Stopped by Antti Niemi with a rebound.
1:10 of 3rd period - Wrist shot by Pavel Bure.
1:10 of 3rd period - Stopped by Antti Niemi with a rebound.
1:12 of 3rd period - Slapshot by Branislav Mezei.
1:12 of 3rd period - Shot Misses the Net.
1:14 of 3rd period - Snap shot by David Booth.
1:14 of 3rd period - Stopped by Antti Niemi with a rebound.
1:16 of 3rd period - Snap shot by Marc Savard.
1:16 of 3rd period - Shot Misses the Net.
1:58 of 3rd period - Wrist shot by David Booth.
1:58 of 3rd period - Deflect By Pavel Bure.
1:58 of 3rd period - Stopped by Antti Niemi with a rebound.
2:00 of 3rd period - Slapshot by Branislav Mezei.
2:00 of 3rd period - Shot Misses the Net.
2:10 of 3rd period - Wrist shot by Marc Savard.
2:10 of 3rd period - Stopped by Antti Niemi with a rebound.
2:12 of 3rd period - Wrist shot by Marc Savard.
2:12 of 3rd period - Shot Misses the Net.
2:14 of 3rd period - Snap shot by Kevin Bieksa.
2:14 of 3rd period - Stopped by Antti Niemi with a rebound.
2:18 of 3rd period - Wrist shot by David Booth.
2:18 of 3rd period - Shot Misses the Net.
2:20 of 3rd period - Wrist shot by Marc Savard.
2:20 of 3rd period - Stopped by Antti Niemi without a rebound.
2:21 of 3rd period - Anze Kopitar wins face-off versus Jan Bulis in Kings zone.
2:26 of 3rd period - Wrist shot by James Neal.
2:26 of 3rd period - Shot Blocked by François Beauchemin.
3:06 of 3rd period - Anze Kopitar is hit by Dave Steckel and loses puck.
4:24 of 3rd period - Mike Green is hit by Jan Bulis and loses puck.
4:35 of 3rd period - Mikkel Boedker is hit by Ramzi Abid and loses puck.
5:00 of 3rd period - Marcus Nilson is hit by Steve Ott and loses puck.
5:23 of 3rd period - Mike Commodore is hit by Pernell Karl Subban.
5:50 of 3rd period - Randy Robitaille is hit by François Beauchemin and loses puck.
10:41 of 3rd period - Marcus Nilson is hit by Mike Green and loses puck.
11:25 of 3rd period - Anze Kopitar is hit by Chris Kelly and loses puck.
11:44 of 3rd period - Snap shot by Adam Deadmarsh.
11:44 of 3rd period - Stopped by Antti Niemi without a rebound.
11:45 of 3rd period - David Booth wins face-off versus Jordan Eberle in Kings zone.
11:50 of 3rd period - Wrist shot by Marc Savard.
11:50 of 3rd period - Shot Misses the Net.
11:52 of 3rd period - Snap shot by Marc Savard.
11:52 of 3rd period - Shot Misses the Net.
11:54 of 3rd period - Slapshot by Jay Harrison.
11:54 of 3rd period - Shot Misses the Net.
11:56 of 3rd period - Snap shot by David Booth.
11:56 of 3rd period - Deflect By Pavel Bure.
11:56 of 3rd period - Stopped by Antti Niemi with a rebound.
11:58 of 3rd period - Slapshot by Pavel Bure.
11:58 of 3rd period - Stopped by Antti Niemi without a rebound.
11:59 of 3rd period - Mikkel Boedker wins face-off versus Marc Savard in Kings zone.
11:59 of 3rd period - Mikkel Boedker is hit by Pavel Bure.
12:46 of 3rd period - Michel Ouellet is hit by Jeff Taffe and loses puck.
13:46 of 3rd period - Minor Penalty to François Beauchemin for Hooking.
13:47 of 3rd period - Anze Kopitar wins face-off versus Marc Savard in Blue Jackets zone.
15:46 of 3rd period - Penalty to François Beauchemin is over, François Beauchemin is back on ice.
16:01 of 3rd period - Snap shot by Joe Sakic.
16:01 of 3rd period - Stopped by Rick DiPietro without a rebound.
16:02 of 3rd period - Joe Sakic wins face-off versus Chris Kelly in Blue Jackets zone.
16:11 of 3rd period - Snap shot by Adam Deadmarsh.
16:11 of 3rd period - Stopped by Antti Niemi without a rebound.
16:12 of 3rd period - Joe Sakic wins face-off versus Chris Kelly in Kings zone.
16:35 of 3rd period - François Beauchemin is hit by Pernell Karl Subban and loses puck.
16:44 of 3rd period - Steve Ott is hit by Jay Harrison and loses puck.
17:13 of 3rd period - Wrist shot by Chris Kelly.
17:13 of 3rd period - Shot Blocked by Joe Sakic.
17:15 of 3rd period - Slapshot by Branislav Mezei.
17:15 of 3rd period - Shot Misses the Net.
17:17 of 3rd period - Wrist shot by Ramzi Abid.
17:17 of 3rd period - Shot Blocked by Pernell Karl Subban.
17:19 of 3rd period - Slapshot by Kevin Bieksa.
17:19 of 3rd period - Shot Hit the Post.
17:21 of 3rd period - Slapshot by Brad Stuart.
17:21 of 3rd period - Stopped by Antti Niemi with a rebound.
17:23 of 3rd period - Snap shot by Ramzi Abid.
17:23 of 3rd period - Stopped by Antti Niemi without a rebound.
17:24 of 3rd period - Marc Savard wins face-off versus Maxim Talbot in Kings zone.
17:31 of 3rd period - Wrist shot by Maxim Talbot.
17:31 of 3rd period - Stopped by Rick DiPietro without a rebound.
17:32 of 3rd period - Marc Savard wins face-off versus Maxim Talbot in Blue Jackets zone.
18:16 of 3rd period - Off-side.
18:17 of 3rd period - Joe Sakic wins face-off versus Jan Bulis in neutral zone.
18:28 of 3rd period - Wrist shot by Patric Hornqvist.
18:28 of 3rd period - Stopped by Antti Niemi with a rebound.
18:54 of 3rd period - Slapshot by Andy Rogers.
18:54 of 3rd period - Stopped by Rick DiPietro without a rebound.
18:55 of 3rd period - Marc Savard wins face-off versus Anze Kopitar in Blue Jackets zone.
19:47 of 3rd period - Nathan Dempsey is hit by Mike Commodore and loses puck.
Goals for this period are 0 for Blue Jackets vs 0 for Kings.
Shots for this period are 15 for Blue Jackets vs 3 for Kings.
Overtime #1
0:01 of 1st overtime period - Anze Kopitar wins face-off versus Marc Savard in neutral zone.
0:26 of 1st overtime period - Branislav Mezei is hit by Anze Kopitar and loses puck.
0:53 of 1st overtime period - Snap shot by François Beauchemin.
0:53 of 1st overtime period - Shot Misses the Net.
1:11 of 1st overtime period - Snap shot by Ramzi Abid.
1:11 of 1st overtime period - Deflect By Chris Kelly.
1:11 of 1st overtime period - Stopped by Antti Niemi without a rebound.
1:12 of 1st overtime period - Jordan Eberle wins face-off versus Chris Kelly in Kings zone.
1:57 of 1st overtime period - Snap shot by Pavel Bure.
1:57 of 1st overtime period - Shot Misses the Net.
2:15 of 1st overtime period - Backhand shot by Marc-Édouard Vlasic.
2:15 of 1st overtime period - Deflect By James Neal.
2:15 of 1st overtime period - Shot Misses the Net.
2:15 of 1st overtime period - Puck is out of play.
2:16 of 1st overtime period - Jordan Eberle wins face-off versus Chris Kelly in Blue Jackets zone.
2:17 of 1st overtime period - Snap shot by James Neal.
2:17 of 1st overtime period - Stopped by Rick DiPietro with a rebound.
2:19 of 1st overtime period - Wrist shot by Jordan Eberle.
2:19 of 1st overtime period - Deflect By James Neal.
2:19 of 1st overtime period - Shot Misses the Net.
2:19 of 1st overtime period - Puck is out of play.
2:20 of 1st overtime period - Anze Kopitar wins face-off versus Chris Kelly in Blue Jackets zone.
2:25 of 1st overtime period - Snap shot by Mikkel Boedker.
2:25 of 1st overtime period - Stopped by Rick DiPietro with a rebound.
2:59 of 1st overtime period - Nathan Dempsey is hit by Marc Savard and loses puck.
3:52 of 1st overtime period - Snap shot by Ramzi Abid.
3:52 of 1st overtime period - Stopped by Antti Niemi without a rebound.
3:53 of 1st overtime period - Marc Savard wins face-off versus Anze Kopitar in Kings zone.
Goals for this period are 0 for Blue Jackets vs 0 for Kings.
Shots for this period are 2 for Blue Jackets vs 2 for Kings.
ShootOut
5:00 of 1st overtime period - Penalty Shot by Marc Savard for Blue Jackets.
5:00 of 1st overtime period - Wrist shot by Marc Savard.
5:00 of 1st overtime period - Stopped by Antti Niemi.
5:00 of 1st overtime period - Penalty Shot by Anze Kopitar for Kings.
5:00 of 1st overtime period - Deke by Anze Kopitar.
5:00 of 1st overtime period - Stopped by Rick DiPietro.
5:00 of 1st overtime period - Penalty Shot by David Booth for Blue Jackets.
5:00 of 1st overtime period - Wrist shot by David Booth.
5:00 of 1st overtime period - Stopped by Antti Niemi.
5:00 of 1st overtime period - Penalty Shot by Mike Green for Kings.
5:00 of 1st overtime period - Wrist shot by Mike Green.
5:00 of 1st overtime period - Stopped by Rick DiPietro.
5:00 of 1st overtime period - Penalty Shot by Pavel Bure for Blue Jackets.
5:00 of 1st overtime period - Deke by Pavel Bure.
5:00 of 1st overtime period - Goal by Pavel Bure.
5:00 of 1st overtime period - Penalty Shot by Mikkel Boedker for Kings.
5:00 of 1st overtime period - Deke by Mikkel Boedker.
5:00 of 1st overtime period - Goal by Mikkel Boedker.
5:00 of 1st overtime period - Penalty Shot by Jan Bulis for Blue Jackets.
5:00 of 1st overtime period - Backhand shot by Jan Bulis.
5:00 of 1st overtime period - Stopped by Antti Niemi.
5:00 of 1st overtime period - Penalty Shot by James Neal for Kings.
5:00 of 1st overtime period - Backhand shot by James Neal.
5:00 of 1st overtime period - Goal by James Neal.
Output by the SimonT Hockey Simulator (STHS) for François Prévost -- Original Page W3C XHTML 1.0 Valid